Map: 2000 Atmospheres LE

Players

Spirit (souL) - Winner!

  • Race: Terran Terran

ForJumy

  • Race: Protoss Protoss

Event: DreamHack SC2 Masters 2021 Winter

VOD

Have the link to the VOD?

Description

Time

  • Played on: Oct. 10, 2021, 1:33 p.m.
  • Length: 7:07

All games in this series

Show
View Real Time Build Order
Export as new Build Order

Spirit Terran - Winner!

Build Orders:  

Get SALT Encoding   

  12  0:01  SCV  
  13  0:13  SCV  
  14  0:17  Supply Depot  
  14  0:25  SCV  
  15  0:30  Refinery  
  15  0:38  SCV  
  16  0:44  Barracks  
  16  0:50  SCV  
  17  1:03  SCV  
  18  1:15  SCV  
  19  1:32  Reaper, Orbital Command  
  20  1:57  Factory  
  20  1:59  SCV  
  21  2:03  Command Center  
  21  2:07  Supply Depot  
  21  2:09  Barracks Reactor  
  21  2:13  SCV  
  22  2:19  Bunker  
  22  2:25  SCV  
  23  2:37  SCV  
  24  2:47  Barracks  
  24  2:51  SCV  
  25  2:52  Hellion x2  
  25  2:54  Barracks Tech Lab  
  25  2:56  Refinery  
  29  3:03  SCV  
  30  3:15  Hellion x2  
  30  3:16  Orbital Command  
  30  3:19  SCV  
  35  3:24  Stimpack  
  35  3:31  SCV  
  35  3:43  SCV  
  35  3:45  SCV  
  35  3:46  Marine x3  
  38  3:50  Factory Reactor  
  38  3:51  Starport  
  38  3:55  SCV  
  39  3:57  SCV  
  38  4:04  Marine x3  
  38  4:07  SCV  
  38  4:09  SCV, Engineering Bay  
  43  4:21  Bunker  
  43  4:22  SCV, Marine x2  
  46  4:28  Marauder  
  45  4:36  Supply Depot  
  45  4:37  Missile Turret  
  46  4:38  SCV  
  46  4:40  Marine  
  46  4:46  Marine  
  46  4:47  SCV  
  46  4:57  Marine x2  
  46  4:58  Medivac x2, SCV  
  46  4:59  SCV  
  53  5:00  Terran Infantry Weapons Level 1  
  53  5:04  Marine  
  54  5:10  Combat Shield  
  54  5:21  Supply Depot  
  54  5:22  Supply Depot  
  54  5:24  Marine x2  
  54  5:25  Widow Mine, SCV  
  54  5:28  SCV  
  60  5:31  Marine  
  61  5:41  Supply Depot, SCV  
  62  5:43  Medivac, Marine x2  
  62  5:46  Widow Mine  
  62  5:47  SCV  
  62  5:48  Refinery  
  62  5:49  Marine  
  70  5:53  SCV  
  71  6:01  Marauder, Marine  
  70  6:07  Marine  
  70  6:09  SCV  
  71  6:17  SCV  
  72  6:18  Marine  
  72  6:21  SCV  
  72  6:23  Marauder  
  72  6:25  Marine  
  72  6:28  Refinery  
  72  6:29  Supply Depot, SCV  
  73  6:33  SCV  
  73  6:36  Marine  
  73  6:38  Factory Reactor  
  75  6:41  SCV  
  75  6:42  Barracks x2  
  75  6:44  Marauder  
  75  6:45  SCV, Barracks  
  75  6:46  Marine  
  80  6:53  SCV  
Show
View Real Time Build Order
Export as new Build Order

ForJumy Protoss 

Build Orders: 1 Gate Expand, Zealot Archon, Dark Templar Rush 

Get SALT Encoding   

  12  0:00  Probe  
  13  0:12  Probe  
  14  0:17  Pylon  
  14  0:24  Probe  
  15  0:35  Gateway  
  15  0:36  Probe (Chrono Boost)  
  16  0:46  Probe (Chrono Boost)  
  16  0:47  Assimilator  
  17  0:51  Probe (Chrono Boost)  
  18  1:03  Probe  
  19  1:15  Probe  
  20  1:22  Cybernetics Core  
  21  1:35  Nexus  
  20  1:42  Pylon  
  20  1:45  Probe  
  21  1:49  Assimilator  
  21  1:57  Probe  
  21  1:58  Adept (Chrono Boost)  
  24  2:06  Warp Gate  
  24  2:09  Probe  
  27  2:23  Probe  
  27  2:27  Adept  
  27  2:28  Twilight Council  
  28  2:36  Probe (Chrono Boost)  
  28  2:45  Pylon  
  28  2:47  Probe (Chrono Boost)  
  28  2:48  Probe (Chrono Boost)  
  30  2:57  Probe x2 (Chrono Boost)  
  32  3:02  Probe x2 (Chrono Boost)  
  34  3:06  Dark Shrine  
  34  3:15  Probe (Chrono Boost)  
  34  3:19  Adept  
  38  3:21  Probe (Chrono Boost)  
  38  3:24  Gateway  
  38  3:26  Probe (Chrono Boost)  
  39  3:29  Probe (Chrono Boost)  
  40  3:39  Gateway  
  36  3:48  Probe  
  36  3:50  Probe  
  38  4:01  Probe  
  38  4:02  Probe (Chrono Boost)  
  35  4:14  Probe (Chrono Boost)  
  37  4:18  Dark Templar x2, Probe (Chrono Boost)  
  37  4:23  Probe (Chrono Boost)  
  42  4:26  Probe (Chrono Boost)  
  42  4:29  Probe  
  43  4:35  Dark Templar  
  43  4:37  Probe  
  46  4:41  Probe  
  47  4:49  Probe  
  48  4:53  Probe  
  47  5:01  Probe  
  47  5:02  Shadow Stride  
  47  5:05  Assimilator x2, Probe  
  49  5:12  Pylon  
  49  5:13  Robotics Facility, Probe  
  49  5:14  Charge (Chrono Boost)  
  50  5:17  Probe  
  50  5:20  Pylon  
  51  5:25  Probe  
  52  5:29  Probe, Pylon  
  53  5:37  Probe  
  53  5:40  Dark Templar  
  53  5:41  Dark Templar, Probe, Shield Battery  
  53  5:42  Zealot  
  61  5:46  Archon  
  61  5:49  Probe, Archon  
  62  5:53  Probe  
  62  5:56  Gateway x2  
  63  6:02  Probe  
  63  6:03  Zealot  
  54  6:05  Probe  
  54  6:06  Immortal (Chrono Boost)  
  57  6:14  Dark Templar x2  
  57  6:21  Probe  
  57  6:23  Probe  
  55  6:34  Probe  
  55  6:35  Probe  
  55  6:38  Warp Prism (Chrono Boost)  
  57  6:46  Dark Templar  

Tags
 
Add a new tag
Caveats
  • Supply blocks, unpowered buildings, or Contaminate may cause inaccurate times.
  • Supply counts are checked every 10 seconds.